AoeStats
← PetersCZ

Arena

510615974Analyzed
2v2 RM · 1d ago on Oct 1, 2026· 46m 0s· 4 players
Game mode
Random Map
Map size
Medium (4 player)
Population
200
Speed
Normal
Resources
Standard
Victory
Conquest
Starting age
Dark Age
Ending age
Imperial Age
RankedLock teamsTeams togetherTeam positionsShared explorationLock speedFull tech treeHidden civsTurbo modeCheats
Victory
Defeat
🇹🇷 Turks · Türkiye
1542
+17
🇹🇷 Burgundians · Türkiye
1441
+21
🇸🇪 Persians · Sweden
1579
-20
🇨🇿 Bohemians · Czechia
1530
-18
PetersCZ
9:43 Feudal Age
10:37 Loom
13:42 Castle Age
18:18 Fervor
19:01 Double-Bit Axe
25:04 Imperial Age
25:15 Chemistry
24:53 Redemption
25:04 Sanctity
26:30 Illumination
27:20 Block Printing
27:41 Theocracy
28:32 Scale Mail Armor
28:43 Forging
28:55 Pikeman
31:09 Chain Mail Armor
31:47 Murder Holes
38:21 Plate Mail Armor
43:47 Bow Saw
43:24 Horse Collar
TheSonder
10:12 Feudal Age
13:44 Castle Age
12:07 Double-Bit Axe
12:33 Horse Collar
13:08 Horse Collar
18:08 Loom
18:54 Scale Barding Armor
22:32 Bow Saw
22:23 Heavy Plow
23:23 Chain Barding Armor
26:14 Bloodlines
26:17 Forging
29:19 Gold Mining
30:26 Iron Casting
35:09 Devotion
40:20 Imperial Age
38:28 Husbandry
40:58 Gold Shaft Mining
40:12 Cavalier
41:33 Plate Barding Armor
43:33 Savar
46:22 Wheelbarrow
BBlR| M.Efe
10:39 Feudal Age
14:31 Castle Age
12:42 Double-Bit Axe
12:37 Horse Collar
13:13 Loom
22:46 Horse Collar
28:00 Bow Saw
29:39 Murder Holes
34:31 Imperial Age
33:33 Wheelbarrow
34:59 Gold Mining
35:40 Heavy Plow
36:01 Padded Archer Armor
37:12 Stone Mining
37:16 Town Watch
38:10 Leather Archer Armor
37:48 Fletching
39:14 Elite Janissary
40:54 Scale Barding Armor
41:13 Ballistics
41:31 Forging
42:03 Chain Barding Armor
42:25 Bloodlines
42:15 Husbandry
42:15 Scale Mail Armor
42:09 Heavy Camel Rider
43:58 Iron Casting
44:04 Plate Barding Armor
44:01 Conscription
44:23 Gold Shaft Mining
44:15 Conscription
45:14 Two-Man Saw
44:39 Artillery
45:43 Iron Casting
45:51 Bombard Tower
MEMATİ
3:26 Double-Bit Axe
7:02 Horse Collar
11:36 Feudal Age
12:24 Town Watch
15:22 Castle Age
13:52 Bow Saw
13:53 Stone Mining
17:15 Two-Man Saw
18:41 Two-Man Saw
21:21 Loom
22:13 Wheelbarrow
22:48 Cavalier
24:34 Scale Barding Armor
24:39 Forging
25:27 Husbandry
26:37 Forging
27:43 Forging
28:08 Devotion
27:29 Light Cavalry
29:38 Chain Barding Armor
29:53 Iron Casting
32:52 Iron Casting
36:31 Imperial Age
41:41 Fletching
45:32 Plate Barding Armor
Connection lost

Rejoining the realm…

Still unreachable

The connection could not be restored.

Session expired

The server has moved on; the page needs a fresh start.